 Dungeon Crawl Stone Soup version bcrawl-1.12-10-g10a67aac0f (webtiles) character file.

Game seed: 1239160447512538027

2 MisterOstroum the Stinger (level 1, 0/13 HPs)
             Began as a Demonspawn Venom Mage on June 16, 2019.
             Slain by a jackal (1 damage)
             ... on level 1 of the Dungeon.
             The game lasted 00:02:18 (198 turns).

MisterOstroum the Stinger (Demonspawn Venom Mage)    Turns: 198, Time: 00:02:19

Health: 0/13       AC:  2    Str:  8    XL:     1   Next: 25%
Magic:  0/3        EV: 12    Int: 16    God:
Gold:   6          SH:  0    Dex: 13    Spells: 3/4 levels left

rFire    . . .     SeeInvis .   c - +0 dagger
rCold    . . .     Gourm    .   (no shield)
rNeg     . . .     Faith    .   a - +0 robe
rPois    .         Spirit   .   (no helmet)
rElec    .         Reflect  .   (no cloak)
rCorr    .         Harm     .   (no gloves)
MR       .....                  (no boots)
Stlth    ++........             (no amulet)
HPRegen  0.04/turn              (no ring)
MPRegen  0.08/turn              (no ring)

@: very slightly contaminated
A: no striking features
a: no special abilities


You were on level 1 of the Dungeon.
You were not hungry.

You visited 1 branch of the dungeon, and saw 1 of its levels.

You collected 6 gold pieces.

Inventory:

Hand Weapons
 c - a +0 dagger (weapon)
Missiles
 b - 142 stones (quivered)
Armour
 a - a +0 robe (worn)
Scrolls
 d - a scroll of teleportation {unknown}
 f - a scroll of immolation {unknown}
 g - a scroll of identify {unknown}
Comestibles
 e - a ration {!d}


   Skills:
 * Level 0.1 Fighting
 - Level 1.7 Dodging
 - Level 2.0 Stealth
 * Level 2.0 Spellcasting
 + Level 1.0 Conjurations
 + Level 3.0 Poison Magic


You had 3 spell levels left.
You knew the following spells:

 Your Spells              Type           Power        Failure   Level  Hunger
a - Sting                 Conj/Pois      #...         9%          1    #......

Your spell library contained the following spells:

 Spells                   Type           Power        Failure   Level  Hunger
 Poisonous Vapours        Pois/Air       #.....       17%         2    ###....
 Ignite Poison            Fire/Tmut/Pois #.......     38%         3    ###....
 Olgreb's Toxic Radiance  Pois           ##......     52%         4    #####..
 Summon Scorpions         Summ/Pois      #.......     73%         4    #####..
 Venom Bolt               Conj/Pois      #.........   94%         5    ######.


Dungeon Overview and Level Annotations

Branches:
Dungeon (1/12)

Altars:


Message History

You barely miss the worm.
The worm is heavily wounded.
The worm barely misses you.
You hit the worm.
The worm is severely wounded.
The worm barely misses you.
You hit the worm but do no damage.
The worm is severely wounded.
The worm barely misses you.
You hit the worm.
The worm is severely wounded.
Casting: Sting (safe; 9% risk of failure)
Confirm with . or Enter, or press ? or * to list all spells.
Aiming: Sting (safe; 9% risk of failure)
Press: ? - help, Shift-Dir - straight line, f/p - worm
Aim: a worm (severely wounded, poisoned)
The sting hits the worm.
The worm appears unharmed.
The worm is severely wounded.
The worm bites you.
Unknown command.
You barely miss the worm.
The worm is severely wounded.
You hit the worm but do no damage.
The worm is almost dead.
The worm looks more healthy.
The worm bites you.
You see here a kobold corpse.
You enter the shallow water.
Moving in this stuff is going to be slow.
Why would you want to do that?
You start resting.
The worm is too close now for your liking.
You start resting.
The worm is too close now for your liking.
You enter the shallow water.
Moving in this stuff is going to be slow.
Why would you want to do that?
g - a scroll labeled QEYTWU MIHIRE
Found a glowing whip.
Found a lumpy red potion.
A goblin comes into view.
The goblin shouts!
You hear a bark! x2
A jackal comes into view.
Found 18 gold pieces.
You see here a brown potion.
Casting: Sting (safe; 9% risk of failure)
Confirm with . or Enter, or press ? or * to list all spells.
Aiming: Sting (safe; 9% risk of failure)
Press: ? - help, Shift-Dir - straight line, f - goblin
Aim: a goblin You miscast Sting.
You are very lightly contaminated with residual magic.
Nothing appears to happen.
A jackal comes into view.
Casting: Sting (safe; 9% risk of failure)
Confirm with . or Enter, or press ? or * to list all spells.
Aiming: Sting (safe; 9% risk of failure)
Press: ? - help, Shift-Dir - straight line, f/p - goblin
Aim: a goblin The sting hits the goblin.
The goblin is poisoned.
The goblin is severely wounded.
Casting: Sting (safe; 9% risk of failure)
Confirm with . or Enter, or press ? or * to list all spells.
Aiming: Sting (safe; 9% risk of failure)
Press: ? - help, Shift-Dir - straight line, f/p - goblin
Aim: a goblin (heavily wounded, poisoned)
You miscast Sting.
Sparks fly from your hands!
You see here a lumpy red potion.
The goblin looks more healthy.
A jackal comes into view.
The jackal bites you but does no damage.
Casting: Sting (safe; 9% risk of failure)
Confirm with . or Enter, or press ? or * to list all spells.
Aiming: Sting (safe; 9% risk of failure)
Press: ? - help, Shift-Dir - straight line, f - jackal
Aim: a jackal The sting misses the jackal.
The sting hits the jackal.
The jackal is poisoned.
The jackal is heavily wounded.
The jackal bites you.
You kill the jackal!
The jackal misses you. The jackal bites you.
* * * LOW HITPOINT WARNING * * *
The jackal closely misses you.
You closely miss the jackal. The jackal bites you.
* * * LOW HITPOINT WARNING * * *
You barely miss the jackal. The jackal completely misses you.
Sorry, you're not good enough to have a special ability.
Unknown command.
You aren't carrying any potions.
Casting: Sting (safe; 9% risk of failure)
Confirm with . or Enter, or press ? or * to list all spells.
Aiming: Sting (safe; 9% risk of failure)
Press: ? - help, Shift-Dir - straight line, f/p - jackal
Aim: a jackal The sting hits the jackal.
The jackal is poisoned.
The jackal is severely wounded.
The jackal barks!
The jackal closely misses you. The jackal bites you.
You die...

##.......# .....^...#
#.##.....###
#.#.........
#.#.#####...
######.#.#####...
..>..............
######=..............
#hgh@............#...
#.####...........#...
#.# #...........###.
#.# #...........###.
#g# #...........#...
#h# #...#...#.#.#.8.
#†# ##.[#...#.#.#...
#.########.###.#.#≈≈≈
#...h.g.h.!.##.#.#≈≈≈


You could see 2 jackals and a goblin.

Vanquished Creatures
  A jackal (D:1)
  A kobold (D:1)
2 creatures vanquished.

Notes
Turn   | Place    | Note
-------+----------+-------------------------------------------
     0 | D:1      | MisterOstroum the Demonspawn Venom Mage began the quest for
                  | the Orb.
     0 | D:1      | Reached XP level 1. HP: 13/13 MP: 3/3
   198 | D:1      | Slain by a jackal

Action                   || total
-------------------------++-------
Melee: Dagger            ||     9
       Unarmed           ||     3
 Cast: Sting             ||    10
Armor: Robe              ||     1
Dodge: Dodged            ||    10
